| TOP OF THE 1ST |
|
San Antonio Missions batting - Pitching for Arkansas Travelers : LHP Curt Young
|
|
Pitching: LHP Curt Young
|
|
|
Batting: RHB Amos Lewis
|
0-0: Called Strike 0-1: Ball 1-1: Called Strike 1-2: Strikes out swinging
|
|
Batting: RHB Ivan Calderon
|
0-0: Called Strike 0-1: SINGLE (Popup, 4MD, EV 70.6 MPH)
|
|
Batting: RHB Ed Hearn
|
0-0: Ball 1-0: Swinging Strike 1-1: Ball 2-1: Fly out, F7 (Line Drive, 78M, EV 88.1 MPH)
|
|
Batting: RHB Larry Hamilton
|
0-0: Called Strike 0-1: Ball 1-1: Ball 2-1: Ball 3-1: Called Strike 3-2: Base on Balls Ivan Calderon to second
|
|
Batting: LHB Lee Pruitt
|
0-0: Ball 1-0: Called Strike 1-1: Ball 2-1: Ball 3-1: Foul Ball, location: 2F 3-2: Foul Ball, location: 2F 3-2: Strikes out swinging
|
| Top of the 1st over - 0 runs, 1 hit, 0 errors, 2 left on base; San Antonio 0 - Arkansas 0 |
| BOTTOM OF THE 1ST |
|
Arkansas Travelers batting - Pitching for San Antonio Missions : RHP William Fewox
|
|
Pitching: RHP William Fewox
|
|
|
Batting: RHB Randy Milligan
|
0-0: Ball 1-0: Ball 2-0: Called Strike 2-1: Ball 3-1: Base on Balls
|
|
Batting: RHB Denny Gonzalez
|
0-0: Called Strike 0-1: Called Strike 0-2: Ball 1-2: Foul Ball, location: 2F 1-2: Strikes out swinging
|
|
Batting: SHB Bobby Bonilla
|
0-0: Called Strike Randy Milligan steals 2nd base (no throw) 0-1: Foul Ball, location: 2F 0-2: Ball 1-2: Ground out 4-3 (Groundball, 4, EV 105.6 MPH) Randy Milligan to third
|
|
Batting: LHB Dave Magadan
|
0-0: Called Strike 0-1: Ball 1-1: Called Strike 1-2: Strikes out swinging
|
| Bottom of the 1st over - 0 runs, 0 hits, 0 errors, 1 left on base; San Antonio 0 - Arkansas 0 |
| TOP OF THE 2ND |
|
San Antonio Missions batting - Pitching for Arkansas Travelers : LHP Curt Young
|
|
Batting: RHB Jack Clark
|
0-0: Ball 1-0: Ball 2-0: Foul Ball, location: 2F 2-1: Foul Ball, location: 2F 2-2: Fly out, F8 (Flyball, 8RS, EV 78.8 MPH)
|
|
Batting: LHB Jerold Johnston
|
0-0: Swinging Strike 0-1: Ball 1-1: Foul Ball, location: 2F 1-2: Ball 2-2: Ball 3-2: DOUBLE (Groundball, 3L, EV 106.3 MPH)
|
|
Batting: LHB Matt Nokes
|
0-0: Called Strike 0-1: Called Strike 0-2: Ball 1-2: Fly out, F8 (Flyball, 8RD, EV 107.5 MPH)
|
|
Batting: RHB Archie Amerson
|
0-0: Called Strike 0-1: Ground out 5-3 (Groundball, 5, EV 101.9 MPH)
|
| Top of the 2nd over - 0 runs, 1 hit, 0 errors, 1 left on base; San Antonio 0 - Arkansas 0 |
| BOTTOM OF THE 2ND |
|
Arkansas Travelers batting - Pitching for San Antonio Missions : RHP William Fewox
|
|
Batting: SHB Bob Meacham
|
0-0: SINGLE (Groundball, 34D, EV 101.9 MPH)
|
|
Batting: RHB Kenneth Foster
|
0-0: Ball 1-0: Swinging Strike 1-1: Ball 2-1: Fielders Choice at 2nd, 6-4 (Groundball, 6MD, EV 80.0 MPH)
|
|
Batting: LHB Jesus Marinez
|
0-0: Ball 1-0: Swinging Strike 1-1: Fly out, F5 (Popup, 5F, EV 78.1 MPH)
|
|
Batting: RHB Rob Deer
|
0-0: Ball 1-0: Ball 2-0: Called Strike 2-1: Ball 3-1: Called Strike 3-2: Base on Balls Kenneth Foster to second
|
|
Batting: RHB Alex Duarte
|
0-0: Called Strike 0-1: Foul Ball, location: 2F 0-2: Foul Ball, location: 2F 0-2: Strikes out looking
|
| Bottom of the 2nd over - 0 runs, 1 hit, 0 errors, 2 left on base; San Antonio 0 - Arkansas 0 |
| TOP OF THE 3RD |
|
San Antonio Missions batting - Pitching for Arkansas Travelers : LHP Curt Young
|
|
Batting: RHB Amos Lewis
|
0-0: Ball 1-0: Swinging Strike 1-1: Fly out, F6 (Flyball, 56D, EV 96.3 MPH)
|
|
Batting: RHB Ivan Calderon
|
0-0: Swinging Strike 0-1: Swinging Strike 0-2: Foul Ball, location: 2F 0-2: Foul Ball, location: 2F 0-2: Ball 1-2: Foul Ball, location: 2F 1-2: Foul Ball, location: 2F 1-2: Ball 2-2: Ball 3-2: Strikes out swinging
|
|
Batting: RHB Ed Hearn
|
0-0: Fly out, F9 (Flyball, 9S, EV 92.5 MPH)
|
| Top of the 3rd over - 0 runs, 0 hits, 0 errors, 0 left on base; San Antonio 0 - Arkansas 0 |
| BOTTOM OF THE 3RD |
|
Arkansas Travelers batting - Pitching for San Antonio Missions : RHP William Fewox
|
|
Batting: RHB Randy Milligan
|
0-0: Foul Ball, location: 2F 0-1: Foul Ball, location: 2F 0-2: Ball 1-2: Fly out, F8 (Flyball, 8LM, EV 96.3 MPH)
|
|
Batting: RHB Denny Gonzalez
|
0-0: Ball 1-0: Foul Ball, location: 2F 1-1: Swinging Strike 1-2: Foul Ball, location: 2F 1-2: Foul Ball, location: 2F 1-2: Strikes out swinging, 2-3 out at first.
|
|
Batting: SHB Bobby Bonilla
|
0-0: Ball 1-0: Foul Ball, location: 2F 1-1: Foul Ball, location: 2F 1-2: DOUBLE (Line Drive, 7LS, EV 91.9 MPH)
|
|
Batting: LHB Dave Magadan
|
0-0: Ball 1-0: Called Strike 1-1: Ball 2-1: Foul Ball, location: 2F 2-2: Strikes out swinging
|
| Bottom of the 3rd over - 0 runs, 1 hit, 0 errors, 1 left on base; San Antonio 0 - Arkansas 0 |
| TOP OF THE 4TH |
|
San Antonio Missions batting - Pitching for Arkansas Travelers : LHP Curt Young
|
|
Batting: RHB Larry Hamilton
|
0-0: Called Strike 0-1: Ball 1-1: Called Strike 1-2: Ball 2-2: Foul Ball, location: 2F 2-2: Ball 3-2: Foul Ball, location: 2F 3-2: Foul Ball, location: 2F 3-2: Strikes out swinging
|
|
Batting: LHB Lee Pruitt
|
0-0: Ball 1-0: Ball 2-0: Called Strike 2-1: Called Strike 2-2: Ball 3-2: Base on Balls
|
|
Batting: RHB Jack Clark
|
0-0: Ball 1-0: Swinging Strike 1-1: Called Strike 1-2: Fly out, F8 (Flyball, 8LXD, EV 88.8 MPH)
|
|
Batting: LHB Jerold Johnston
|
0-0: Called Strike 0-1: Fly out, F8 (Flyball, 8RM, EV 79.4 MPH)
|
| Top of the 4th over - 0 runs, 0 hits, 0 errors, 1 left on base; San Antonio 0 - Arkansas 0 |
| BOTTOM OF THE 4TH |
|
Arkansas Travelers batting - Pitching for San Antonio Missions : RHP William Fewox
|
|
Batting: SHB Bob Meacham
|
0-0: Ball 1-0: Foul Ball, location: 2F 1-1: Called Strike 1-2: Strikes out looking
|
|
Batting: RHB Kenneth Foster
|
0-0: Foul Ball, location: 2F 0-1: Foul Ball, location: 2F 0-2: Ball 1-2: Foul Ball, location: 2F 1-2: Ground out 6-3 (Groundball, 6, EV 82.5 MPH)
|
|
Batting: LHB Jesus Marinez
|
0-0: Ball 1-0: SOLO HOME RUN (Flyball, 89XD, EV 105.0 MPH), Distance : 399 ft
|
|
Batting: RHB Rob Deer
|
0-0: Foul Ball, location: 2F 0-1: Ball 1-1: Ball 2-1: Foul Ball, location: 2F 2-2: Ground out 3-1 (Groundball, 34, EV 108.1 MPH)
|
| Bottom of the 4th over - 1 run, 1 hit, 0 errors, 0 left on base; San Antonio 0 - Arkansas 1 |
| TOP OF THE 5TH |
|
San Antonio Missions batting - Pitching for Arkansas Travelers : LHP Curt Young
|
|
Batting: LHB Matt Nokes
|
0-0: Ball 1-0: Ball 2-0: Called Strike 2-1: Ball 3-1: Foul Ball, location: 2F 3-2: Fly out, F9 (Flyball, 9D, EV 81.3 MPH)
|
|
Batting: RHB Archie Amerson
|
0-0: Foul Ball, location: 2F 0-1: SINGLE (Groundball, 6D, EV 102.5 MPH)
|
|
Batting: RHB Amos Lewis
|
0-0: Ball 1-0: Fly out, F9 (Flyball, 89S, EV 85.6 MPH)
|
|
Batting: RHB Ivan Calderon
|
0-0: Foul Ball, location: 2F 0-1: 2-RUN HOME RUN (Flyball, 78XD, EV 92.5 MPH), Distance : 406 ft
|
|
Batting: RHB Ed Hearn
|
0-0: Foul Ball, location: 2F 0-1: Ball 1-1: Ball 2-1: Ball 3-1: Called Strike 3-2: Foul Ball, location: 2F 3-2: Strikes out swinging
|
| Top of the 5th over - 2 runs, 2 hits, 0 errors, 0 left on base; San Antonio 2 - Arkansas 1 |
| BOTTOM OF THE 5TH |
|
Arkansas Travelers batting - Pitching for San Antonio Missions : RHP William Fewox
|
|
Batting: RHB Alex Duarte
|
0-0: Foul Ball, location: 2F 0-1: Called Strike 0-2: Ball 1-2: Strikes out swinging
|
|
Batting: RHB Randy Milligan
|
0-0: Called Strike 0-1: Ball 1-1: Foul Ball, location: 2F 1-2: Ball 2-2: Ball 3-2: Base on Balls
|
|
Batting: RHB Denny Gonzalez
|
0-0: Foul Ball, location: 2F 0-1: Ball 1-1: Called Strike 1-2: Foul Ball, location: 2F 1-2: Ball 2-2: TRIPLE (Line Drive, 89XD, EV 111.9 MPH) Randy Milligan scores
|
|
Batting: SHB Bobby Bonilla
|
0-0: Ball 1-0: Called Strike 1-1: Fly out, F9 (Flyball, 9LM, EV 79.4 MPH) Runner from 3rd tags up, SCORES, throw by RF
|
|
Batting: LHB Dave Magadan
|
0-0: Ball 1-0: Ball 2-0: Ball 3-0: Called Strike 3-1: Foul Ball, location: 2F 3-2: DOUBLE (Line Drive, 7LM, EV 106.9 MPH)
|
|
Batting: SHB Bob Meacham
|
0-0: Called Strike 0-1: Called Strike 0-2: Ground out 1-3 (Groundball, 13S, EV 66.9 MPH)
|
| Bottom of the 5th over - 2 runs, 2 hits, 0 errors, 1 left on base; San Antonio 2 - Arkansas 3 |
| TOP OF THE 6TH |
|
San Antonio Missions batting - Pitching for Arkansas Travelers : LHP Curt Young
|
|
Batting: RHB Larry Hamilton
|
0-0: Ball 1-0: Foul Ball, location: 2F 1-1: Ball 2-1: Ball 3-1: Fly out, F8 (Flyball, 8LXD, EV 98.1 MPH)
|
|
Batting: LHB Lee Pruitt
|
0-0: Foul Ball, location: 2F 0-1: Called Strike 0-2: Ball 1-2: Ball 2-2: Ball 3-2: Foul Ball, location: 2F 3-2: Fly out, F8 (Flyball, 78S, EV 83.1 MPH)
|
|
Batting: RHB Jack Clark
|
0-0: Ball 1-0: Called Strike 1-1: Fly out, F8 (Flyball, 78S, EV 89.4 MPH)
|
| Top of the 6th over - 0 runs, 0 hits, 0 errors, 0 left on base; San Antonio 2 - Arkansas 3 |
| BOTTOM OF THE 6TH |
|
Arkansas Travelers batting - Pitching for San Antonio Missions : RHP William Fewox
|
|
Batting: RHB Kenneth Foster
|
0-0: Swinging Strike 0-1: Ball 1-1: Foul Ball, location: 2F 1-2: Strikes out swinging
|
|
Batting: LHB Jesus Marinez
|
0-0: Called Strike 0-1: Called Strike 0-2: Ball 1-2: Strikes out looking
|
|
Batting: RHB Rob Deer
|
0-0: Ball 1-0: Foul Ball, location: 2F 1-1: Ground out 5-3 (Groundball, 5, EV 83.8 MPH)
|
| Bottom of the 6th over - 0 runs, 0 hits, 0 errors, 0 left on base; San Antonio 2 - Arkansas 3 |
| TOP OF THE 7TH |
|
San Antonio Missions batting - Pitching for Arkansas Travelers : LHP Curt Young
|
|
Batting: LHB Jerold Johnston
|
0-0: Called Strike 0-1: Swinging Strike 0-2: Foul Ball, location: 2F 0-2: Ball 1-2: Strikes out looking
|
|
Batting: LHB Matt Nokes
|
0-0: Ball 1-0: Called Strike 1-1: Ball 2-1: Fly out, F7 (Flyball, 7LD, EV 95.0 MPH)
|
|
Batting: RHB Archie Amerson
|
0-0: Called Strike 0-1: Foul Ball, location: 2F 0-2: Ball 1-2: Ground out 5-3 (Groundball, 5L, EV 97.5 MPH)
|
| Top of the 7th over - 0 runs, 0 hits, 0 errors, 0 left on base; San Antonio 2 - Arkansas 3 |
| BOTTOM OF THE 7TH |
|
Arkansas Travelers batting - Pitching for San Antonio Missions : RHP William Fewox
|
|
Batting: RHB Alex Duarte
|
0-0: Ball 1-0: Ball 2-0: SINGLE (Groundball, 4MD, EV 101.9 MPH)
|
|
Batting: RHB Randy Milligan
|
0-0: Swinging Strike 0-1: Ball 1-1: Foul Ball, location: 2F 1-2: Fly out, F7 (Line Drive, 7, EV 93.8 MPH)
|
|
Batting: RHB Denny Gonzalez
|
0-0: Ball Alex Duarte is caught stealing 2nd base 2-4 1-0: Ball 2-0: Ground out 6-3 (Groundball, 6, EV 92.5 MPH)
|
| Bottom of the 7th over - 0 runs, 1 hit, 0 errors, 0 left on base; San Antonio 2 - Arkansas 3 |
| TOP OF THE 8TH |
|
San Antonio Missions batting - Pitching for Arkansas Travelers : LHP Curt Young
|
|
Batting: RHB Amos Lewis
|
0-0: Foul Ball, location: 2F 0-1: Ball 1-1: Ball 2-1: Fly out, F8 (Flyball, 8LM, EV 87.5 MPH)
|
|
Batting: RHB Ivan Calderon
|
0-0: Ball 1-0: Swinging Strike 1-1: DOUBLE (Line Drive, 5D, EV 106.9 MPH)
|
|
Batting: RHB Ed Hearn
|
0-0: Ball 1-0: Ball 2-0: Ball 3-0: Called Strike 3-1: DOUBLE (Line Drive, 7LS, EV 108.1 MPH) Ivan Calderon scores
|
|
Batting: RHB Larry Hamilton
|
0-0: Intentional Walk
|
|
Pinch Runner at 2nd Jose Moreno:
|
|
|
Batting: LHB Lee Pruitt
|
0-0: Ball 1-0: Ball 2-0: Swinging Strike 2-1: Foul Ball, location: 2F 2-2: Grounds into double play, 4-6-3 (Groundball, 4, EV 90.6 MPH)
|
| Top of the 8th over - 1 run, 2 hits, 0 errors, 1 left on base; San Antonio 3 - Arkansas 3 |
| BOTTOM OF THE 8TH |
|
Arkansas Travelers batting - Pitching for San Antonio Missions : RHP William Fewox
|
|
Now at 2B: Jose Moreno
|
|
|
Batting: SHB Bobby Bonilla
|
0-0: Ball 1-0: Called Strike 1-1: Called Strike 1-2: Ground out 4-3 (Groundball, 4, EV 108.8 MPH)
|
|
Batting: LHB Dave Magadan
|
0-0: Swinging Strike 0-1: Called Strike 0-2: Ball 1-2: Ball 2-2: Ball 3-2: Ground out U3 (Groundball, 3, EV 88.1 MPH)
|
|
Batting: SHB Bob Meacham
|
0-0: Ball 1-0: Fly out, F9 (Flyball, 9S, EV 91.3 MPH)
|
| Bottom of the 8th over - 0 runs, 0 hits, 0 errors, 0 left on base; San Antonio 3 - Arkansas 3 |
| TOP OF THE 9TH |
|
San Antonio Missions batting - Pitching for Arkansas Travelers : LHP Curt Young
|
|
Pitching: LHP Claude Brodeur
|
|
|
Pinch Hitting: RHB Andrew Walker
|
0-0: Called Strike 0-1: Foul Ball, location: 2F 0-2: Ball 1-2: Ball 2-2: Strikes out swinging
|
|
Batting: LHB Jerold Johnston
|
0-0: Ball 1-0: SINGLE (Line Drive, 3D, EV 94.4 MPH)
|
|
Pinch Hitting: SHB Wallace Johnson
|
0-0: Ball 1-0: Called Strike 1-1: Called Strike 1-2: Ball 2-2: Ball 3-2: Foul Ball, location: 2F 3-2: Ground out 5-3 (Groundball, 5, EV 88.1 MPH) Jerold Johnston to second
|
|
Batting: RHB Archie Amerson
|
0-0: Foul Ball, location: 2F 0-1: Foul Ball, location: 2F 0-2: Strikes out swinging
|
| Top of the 9th over - 0 runs, 1 hit, 0 errors, 1 left on base; San Antonio 3 - Arkansas 3 |
| BOTTOM OF THE 9TH |
|
Arkansas Travelers batting - Pitching for San Antonio Missions : RHP William Fewox
|
|
Pitching: RHP James Herring
|
|
|
Now at C: Andrew Walker
|
|
|
Now at 1B: Wallace Johnson
|
|
|
Batting: LHB Phil Stephenson
|
0-0: Called Strike 0-1: Ball 1-1: Swinging Strike 1-2: SINGLE (Groundball, 25, EV 68.8 MPH) (infield hit)
|
|
Batting: LHB Jesus Marinez
|
0-0: Ball 1-0: Called Strike 1-1: Called Strike 1-2: Fly out, F9 (Line Drive, 9, EV 96.9 MPH)
|
|
Pinch Hitting: LHB Terry Byrum
|
0-0: Called Strike 0-1: Foul Ball, location: 2F 0-2: SINGLE (Line Drive, 4MD, EV 97.5 MPH) Phil Stephenson to second
|
|
Batting: RHB Alex Duarte
|
0-0: Called Strike 0-1: Ball 1-1: Sac Bunt to 2L - play at first, batter OUT! 2-4 Phil Stephenson to third Terry Byrum to second
|
|
Batting: RHB Randy Milligan
|
0-0: Intentional Walk
|
|
Batting: RHB Denny Gonzalez
|
0-0: Called Strike 0-1: SINGLE (Groundball, 4MD, EV 100.0 MPH) Phil Stephenson scores
|
| Bottom of the 9th over - 1 run, 3 hits, 0 errors, 0 left on base; San Antonio 3 - Arkansas 4 |
|